 Dungeon Crawl Stone Soup version 0.30.0-13-g156ef70053 (webtiles) character file.

Game seed: 8475729249596024225

41 GigaChad the Shield-Bearer (level 3, -5/29 HPs)
             Began as a Formicid Fighter on May 17, 2023.
             Succumbed to an orc's poison
             ... on level 3 of the Dungeon.
             The game lasted 00:02:06 (1209 turns).

GigaChad the Shield-Bearer (Formicid Fighter)       Turns: 1209, Time: 00:02:06

Health: -5/29      AC:  6    Str: 22    XL:     3   Next: 75%
Magic:  3/3        EV:  9    Int:  7    God:
Gold:   87         SH:  5    Dex: 13    Spells: 2/2 levels left

rFire   . . .        a - +0 war axe
rCold   . . .        c - +0 buckler
rNeg    . . .        b - +0 scale mail
rPois   .            (helmet unavailable)
rElec   .            (no cloak)
rCorr   .            (no gloves)
SInv    +            (no boots)
Will    .....        (no amulet) Stlth
                     (no ring)
HPRegen 0.24/turn    (no ring)
MPRegen 0.08/turn

%: no passive effects
@: lethally poisoned (-5 -> -30)
A: permanent stasis, dig shafts and tunnels, antennae 3, four strong arms
a: Dig, Shaft Self


You were on level 3 of the Dungeon.
You visited 1 branch of the dungeon, and saw 3 of its levels.

You collected 87 gold pieces.

Inventory:

Hand Weapons
 a - a +0 war axe (weapon)
Armour
 b - a +0 scale mail (worn)
 c - a +0 buckler (worn)
Jewellery
 i - a ring of flight
 k - a ring of protection from fire
Scrolls
 e - a scroll of teleportation
 g - a scroll of amnesia {unknown}
 j - 5 scrolls of identify
 l - a scroll of vulnerability
 n - a scroll of magic mapping {unknown}
Potions
 d - a potion of might
 f - 2 potions of curing
 h - a potion of mutation {unknown}
 m - a potion of ambrosia {unknown}


   Skills:
 + Level 3.6 Fighting
 + Level 2.6 Axes
 + Level 3.6 Armour
 + Level 0.3 Dodging
 + Level 4.6 Shields


You had 2 spell levels left.
You didn't know any spells.
Your spell library contained the following spells:

 Spells                   Type           Power      Damage    Failure   Level
 Apportation              Tloc           0%         N/A       82%         1
 Magic Dart               Conj           0%         1d3       82%         1
 Necrotise                Necr           0%         1d4       82%         1
 Summon Small Mammal      Summ           0%         N/A       82%         1
 Searing Ray              Conj           0%         2d4       91%         2
 Ozocubu's Armour         Ice            0%         N/A       99%         3
 Fulminant Prism          Conj/Hex       0%         3d5       100%        4
 Ozocubu's Refrigeration  Ice            0%         4d7       100%        7


Dungeon Overview and Level Annotations

Branches:
Dungeon (3/15)

Altars:


Innate Abilities, Weirdness & Mutations

You cannot be hasted, slowed, berserked, paralysed or teleported.
You can dig through walls and to a lower floor.
You have a pair of large antennae on your head. (SInv)
Your four strong arms can wield two-handed weapons with a shield.


Message History

You feel very sick.
The orc hits you with a +1 dagger of venom.
You closely miss the orc.
You feel sick. You block the orc's attack. The orc hits you but does no damage.
You are more poisoned.
An orc is nearby!
You hit the orc.
The orc is almost dead.
You feel very sick. The orc hits you but does no damage.
You are lethally poisoned!
There is a lethal amount of poison in your body!
You closely miss the orc.
The orc is almost dead.
You feel very sick. The orc closely misses you.
There is a lethal amount of poison in your body!
You are too injured to fight recklessly!
There is a lethal amount of poison in your body!
Okay, then.
It was a potion of curing.
You feel better.
The orc hits you with a +1 dagger of venom.
You are lethally poisoned!
Unknown command.
You closely miss the orc.
The orc is almost dead.
You feel very sick. You block the orc's attack.
The orc hits you with a +1 dagger of venom.
* * * LOW HITPOINT WARNING * * *
You are more poisoned.
You barely miss the orc.
The orc is almost dead.
* * * LOW HITPOINT WARNING * * *
You feel very sick. The orc hits you but does no damage.
You are more poisoned.
You closely miss the orc.
The orc is almost dead.
You die...

## #. #. ### #.###.#
######.....#
...........#
...........#####
......o@.......#
...........###.#######
...........# #.#<....#
...........# #.#####.#
...........# #.....#.#
.....$.....#
#####.#.##
..########## #....# #.
######


You could see an orc.

Vanquished Creatures
  An adder (D:2)
  2 bats
  3 endoplasms
  3 giant cockroaches
  2 goblins
  3 hobgoblins
  2 jackals (D:1)
  5 kobolds
  5 ball pythons
  6 rats
32 creatures vanquished.

Notes
Turn   | Place    | Note
-------+----------+-------------------------------------------
     0 | D:1      | GigaChad the Formicid Fighter began the quest for the Orb.
     0 | D:1      | Reached XP level 1. HP: 18/18 MP: 1/1
   147 | D:1      | Reached XP level 2. HP: 23/24 MP: 2/2
   572 | D:2      | Reached XP level 3. HP: 29/29 MP: 3/3
  1209 | D:3      | Succumbed to an orc's poison

Illustrated notes

Levels and vault maps discovered:
D:1:      saegor_arrival_simple_b, layout_loops_cross, hangedman_decor_riveting
D:2:      layout_loops_ring
D:3:      layout_basic

Action                     || total
---------------------------++-------
  Melee: War axe           ||    94
    Use: Scroll            ||     3
         Potion            ||     1
 Armour: Scale mail        ||    39
  Dodge: Dodged            ||    50
  Block: Buckler           ||    27
